[Event "30th Cracovia Festival-A 2019"]
[Site "Krakow"]
[Date "2019.12.30"]
[Round "5.1"]
[White "Vetoshko, Volodymyr"]
[Black "Tomczak, Jacek"]
[Result "1/2-1/2"]
[ECO "B13"]
[WhiteElo "2511"]
[BlackElo "2605"]
[Annotator "ChessBase"]
[PlyCount "24"]
[EventDate "2019.12.27"]
[EventCountry "POL"]
[SourceTitle "playchess.com"]
[Source "ChessBase"]
[SourceQuality "1"]
[TimeControl "40/5400+30:1800+30"]

1. e4 c6 2. d4 d5 3. exd5 cxd5 4. Bd3 Nc6 5. c3 Nf6 6. Bf4 Bg4 7. Qb3 Qd7 8. Nd2 e6 9. Ngf3 Bd6 10. Bxd6 Qxd6 11. O-O O-O 12. Rfe1 Bxf3 1/2-1/2

[Event "30th Cracovia Festival-A 2019"]
[Site "Krakow"]
[Date "2019.12.30"]
[Round "5.2"]
[White "Moroni, Luca Jr"]
[Black "Girish, A. Koushik"]
[Result "1/2-1/2"]
[ECO "D35"]
[WhiteElo "2528"]
[BlackElo "2506"]
[Annotator "ChessBase"]
[PlyCount "106"]
[EventDate "2019.12.27"]
[EventCountry "POL"]
[SourceTitle "playchess.com"]
[Source "ChessBase"]
[SourceQuality "1"]
[TimeControl "40/5400+30:1800+30"]

1. c4 e6 2. Nc3 d5 3. d4 Nf6 4. cxd5 exd5 5. Bg5 Be7 6. e3 c6 7. Bd3 Nbd7 8. Nf3 Nh5 9. Bxe7 Qxe7 10. O-O g6 11. Qb1 O-O 12. b4 Ndf6 13. b5 c5 14. dxc5 Qxc5 15. Qb3 Bg4 16. Nd4 Ng7 17. Rfc1 Qd6 18. a3 Ne6 19. Nxe6 Bxe6 20. Qb4 Qxb4 21. axb4 Nd7 22. f4 Rfc8 23. Ne2 Nb6 24. Rxc8+ Nxc8 25. Nd4 Nd6 26. Kf2 Kf8 27. Kf3 Ke7 28. g4 Bd7 29. Rc1 Rc8 30. Rc5 f6 31. h4 b6 32. Rxd5 Rc3 33. Ke2 Bxg4+ 34. Kd2 Ra3 35. Nc6+ Ke6 36. e4 Bh3 37. Nd4+ Ke7 38. Nc6+ Ke6 39. Nd4+ Ke7 40. e5 fxe5 41. fxe5 Nf7 42. Bc4 Rg3 43. Nc6+ Ke8 44. Rd4 Rg4 45. Rxg4 Bxg4 46. Ke3 Nd8 47. Nxd8 Kxd8 48. Kf4 Bf5 49. Kg5 Ke7 50. Kh6 Kf8 51. Be2 Be4 52. Bf1 Bc2 53. Bc4 Bb1 1/2-1/2

[Event "30th Cracovia Festival-A 2019"]
[Site "Krakow"]
[Date "2019.12.30"]
[Round "5.3"]
[White "Gumularz, Szymon"]
[Black "Tazbir, Marcin"]
[Result "1/2-1/2"]
[ECO "A22"]
[WhiteElo "2493"]
[BlackElo "2525"]
[Annotator "ChessBase"]
[PlyCount "48"]
[EventDate "2019.12.27"]
[EventCountry "POL"]
[SourceTitle "playchess.com"]
[Source "ChessBase"]
[SourceQuality "1"]
[TimeControl "40/5400+30:1800+30"]

1. c4 Nf6 2. Nc3 e5 3. g3 Bc5 4. Bg2 Nc6 5. e3 a6 6. Nf3 Ba7 7. O-O O-O 8. b3 d6 9. Bb2 h6 10. Qc2 Be6 11. Rad1 Qc8 12. Nh4 g5 13. Nf3 Bg4 14. d4 Re8 15. Rd2 Bf5 16. Qd1 e4 17. Ne1 g4 18. Ne2 d5 19. Nf4 Ne7 20. cxd5 Nexd5 21. Nxd5 Nxd5 22. Nd3 c6 23. Nf4 Qd7 24. Nxd5 cxd5 1/2-1/2

[Event "30th Cracovia Festival-A 2019"]
[Site "Krakow"]
[Date "2019.12.30"]
[Round "5.4"]
[White "Kruglyakov, Pavlo"]
[Black "Golubka, Petro"]
[Result "1/2-1/2"]
[ECO "C97"]
[WhiteElo "2357"]
[BlackElo "2479"]
[Annotator "ChessBase"]
[PlyCount "31"]
[EventDate "2019.12.27"]
[EventCountry "POL"]
[SourceTitle "playchess.com"]
[Source "ChessBase"]
[SourceQuality "1"]
[TimeControl "40/5400+30:1800+30"]

1. e4 e5 2. Nf3 Nc6 3. Bb5 a6 4. Ba4 Nf6 5. O-O Be7 6. Re1 b5 7. Bb3 d6 8. c3 O-O 9. h3 Na5 10. Bc2 c5 11. d4 Qc7 12. Nbd2 Bd7 13. dxe5 dxe5 14. Nf1 Rad8 15. Qe2 Be6 16. Ne3 1/2-1/2

[Event "30th Cracovia Festival-A 2019"]
[Site "Krakow"]
[Date "2019.12.30"]
[Round "5.5"]
[White "Jarmula, Lukasz"]
[Black "Farkas, Gabor"]
[Result "1/2-1/2"]
[ECO "B30"]
[WhiteElo "2466"]
[BlackElo "2357"]
[Annotator "ChessBase"]
[PlyCount "60"]
[EventDate "2019.12.27"]
[EventCountry "POL"]
[SourceTitle "playchess.com"]
[Source "ChessBase"]
[SourceQuality "1"]
[TimeControl "40/5400+30:1800+30"]

1. e4 c5 2. Nf3 Nc6 3. Bb5 d6 4. O-O Bd7 5. Re1 Nf6 6. c3 a6 7. Bf1 Bg4 8. h3 Bh5 9. d4 cxd4 10. cxd4 e5 11. g4 Bg6 12. Nc3 h6 13. d5 Nb8 14. Nh4 Be7 15. Nf5 Bxf5 16. exf5 Nbd7 17. a4 Qa5 18. Rb1 Qb4 19. Bd2 Qd4 20. Be3 Qxd1 21. Rexd1 Rc8 22. Be2 Nc5 23. f3 Nb3 24. h4 Nd7 25. Ne4 Ndc5 26. Nxc5 Nxc5 27. Rbc1 Kd7 28. Bxc5 Rxc5 29. Rxc5 dxc5 30. h5 Kd6 1/2-1/2

[Event "30th Cracovia Festival-A 2019"]
[Site "Krakow"]
[Date "2019.12.30"]
[Round "5.6"]
[White "Evchin, Maxim"]
[Black "Nikitenko, Mihail"]
[Result "1-0"]
[ECO "C07"]
[WhiteElo "2315"]
[BlackElo "2422"]
[Annotator "NA"]
[PlyCount "107"]
[EventDate "2019.12.27"]
[EventCountry "POL"]
[SourceTitle "playchess.com"]
[Source "ChessBase"]
[SourceQuality "1"]
[TimeControl "40/5400+30:1800+30"]

1. e4 e6 2. d4 d5 3. Nd2 c5 4. exd5 Qxd5 5. dxc5 Qxc5 6. Ngf3 Nf6 7. Bd3 Be7 8. O-O O-O 9. a4 Qc7 10. a5 Nc6 11. Nc4 Rd8 12. Bd2 Nb4 13. Bxb4 Bxb4 14. Nfe5 Rd5 15. Ra4 Bxa5 16. Qa1 Bb6 17. Nxb6 Qxb6 18. Nc4 Qc7 19. Rxa7 Rb8 20. h3 Rg5 21. f4 Rd5 22. Qe1 g6 23. Qf2 Bd7 24. Ne5 Bc6 25. c4 Rd6 26. c5 Rd5 27. b4 Rdd8 28. b5 Be4 29. b6 Qc8 30. Bb5 Rd5 31. Rc1 Qf8 32. Bf1 Nd7 33. Nxd7 Rxd7 34. c6 Rd6 35. c7 Rc8 36. Rca1 Bc6 37. Qe3 Qe8 38. f5 e5 39. Qa3 Rd2 40. Ra8 Kg7 41. f6+ Kxf6 42. Rxc8 Qxc8 43. Qa8 Qd7 44. c8=Q Rxg2+ 45. Bxg2 Qd4+ 46. Kh1 Bxg2+ 47. Kxg2 Qd2+ 48. Kf1 Qd3+ 49. Ke1 Qe3+ 50. Kd1 Qd3+ 51. Kc1 Qe3+ 52. Kc2 Qe2+ 53. Kb3 Qb5+ 54. Kc3 1-0

[Event "30th Cracovia Festival-A 2019"]
[Site "Krakow"]
[Date "2019.12.30"]
[Round "5.7"]
[White "Sabuk, Piotr"]
[Black "Kozak, Antoni"]
[Result "1-0"]
[ECO "A45"]
[WhiteElo "2354"]
[BlackElo "2372"]
[Annotator "NA"]
[PlyCount "43"]
[EventDate "2019.12.27"]
[EventCountry "POL"]
[SourceTitle "playchess.com"]
[Source "ChessBase"]
[SourceQuality "1"]
[TimeControl "40/5400+30:1800+30"]

1. d4 Nf6 2. Bf4 c5 3. d5 Qb6 4. Nc3 Qxb2 5. Bd2 Qb6 6. e4 d6 7. f4 e5 8. Nf3 Nbd7 9. Rb1 Qd8 10. fxe5 dxe5 11. Bb5 a6 12. Bxd7+ Nxd7 13. O-O f6 14. Nh4 g6 15. d6 Bg7 16. Nd5 O-O 17. Ne7+ Kf7 18. Ba5 Qxa5 19. Qd5+ Ke8 20. Qe6 Kd8 21. Nc6+ bxc6 22. Qe7# 1-0

[Event "30th Cracovia Festival-A 2019"]
[Site "Krakow"]
[Date "2019.12.30"]
[Round "5.9"]
[White "Grinev, Valeriy"]
[Black "Szustakowski, Antoni"]
[Result "1-0"]
[ECO "A06"]
[WhiteElo "2441"]
[BlackElo "2299"]
[Annotator "NA RC"]
[PlyCount "63"]
[EventDate "2019.12.27"]
[EventCountry "POL"]
[SourceTitle "playchess.com"]
[Source "ChessBase"]
[SourceQuality "1"]
[TimeControl "40/5400+30:1800+30"]

1. Nf3 d5 2. g3 c6 3. Bg2 Bg4 4. O-O e6 5. h3 Bh5 6. d4 Nd7 7. c4 Bd6 8. Qb3 Qb6 9. Nc3 Ngf6 10. c5 Qxb3 11. axb3 Bc7 12. b4 O-O 13. b5 Ne4 14. bxc6 bxc6 15. Ra6 Nb8 16. Ra3 a5 17. Bf4 Bd8 18. g4 Bg6 19. Ne5 Nxc3 20. bxc3 f6 21. Nxg6 hxg6 22. c4 Na6 23. cxd5 exd5 24. Bd2 Nc7 25. Rxa5 Rxa5 26. Bxa5 Nb5 27. Bxd8 Rxd8 28. e3 Kf7 29. Ra1 Ke7 30. Bf1 Nc7 31. Ra7 Kd7 32. Bd3 1-0

[Event "30th Cracovia Festival-A 2019"]
[Site "Krakow"]
[Date "2019.12.30"]
[Round "5.10"]
[White "Kopylov, Michael"]
[Black "Asiimwe, Daniel K"]
[Result "1/2-1/2"]
[ECO "D10"]
[WhiteElo "2411"]
[BlackElo "2016"]
[Annotator "NA"]
[PlyCount "27"]
[EventDate "2019.12.27"]
[EventCountry "POL"]
[SourceTitle "playchess.com"]
[Source "ChessBase"]
[SourceQuality "1"]
[TimeControl "40/5400+30:1800+30"]

1. d4 d5 2. c4 c6 3. cxd5 cxd5 4. Nc3 Nf6 5. Bf4 Nc6 6. e3 a6 7. Nf3 Bf5 8. Bd3 Bxd3 9. Qxd3 e6 10. O-O Bd6 11. Bxd6 Qxd6 12. Rfc1 O-O 13. Na4 Ne4 14. Nc5 1/2-1/2

[Event "30th Cracovia Festival-A 2019"]
[Site "Krakow"]
[Date "2019.12.30"]
[Round "5.11"]
[White "Fus, Jakub"]
[Black "Miroshnichenko, Pavel"]
[Result "1-0"]
[ECO "C50"]
[WhiteElo "2363"]
[BlackElo "2270"]
[Annotator "NA"]
[PlyCount "161"]
[EventDate "2019.12.27"]
[EventCountry "POL"]
[SourceTitle "playchess.com"]
[Source "ChessBase"]
[SourceQuality "1"]
[TimeControl "40/5400+30:1800+30"]

1. e4 e5 2. Nf3 Nc6 3. Bc4 Bc5 4. O-O Nf6 5. d3 O-O 6. a4 a6 7. Nbd2 d6 8. c3 Ba7 9. h3 Ne7 10. Re1 Ng6 11. b4 Nf4 12. Nf1 N6h5 13. Be3 Be6 14. Bxa7 Rxa7 15. Ne3 Qf6 16. Kh2 Qh6 17. Bxe6 Qxe6 18. Ng1 Nf6 19. g3 Ng6 20. a5 d5 21. Qc2 Qc6 22. f3 Raa8 23. Red1 Rad8 24. c4 d4 25. Nf5 Rfe8 26. Ne2 Nh5 27. Qd2 h6 28. Rg1 Kh7 29. Rg2 Ne7 30. Nxe7 Rxe7 31. g4 Nf6 32. f4 exf4 33. Nxf4 Qd6 34. Kh1 Qe5 35. Rag1 g5 36. Ne2 Ne8 37. Rf1 Rd6 38. Ng3 Ng7 39. Nf5 Nxf5 40. Rxf5 Qg7 41. Qf2 Kg8 42. Qg3 Rf6 43. Rgf2 Rxf5 44. Rxf5 Rd7 45. Qf2 Qf8 46. c5 Qe7 47. Kg2 Kg7 48. h4 c6 49. Qd2 gxh4 50. Kh3 Rd8 51. Qf4 Qe6 52. Kxh4 Qe7+ 53. Kg3 Qe6 54. Kh4 Qe7+ 55. Kh3 Qe6 56. Rh5 Rg8 57. e5 Kh7 58. Qxd4 Rg6 59. Rf5 Qb3 60. Qe4 Kg7 61. Qf3 Kg8 62. d4 Qc4 63. d5 Qxd5 64. Qxd5 cxd5 65. Rf6 Rg5 66. c6 bxc6 67. Rxc6 h5 68. gxh5 Rxe5 69. Rxa6 Re3+ 70. Kg2 Rb3 71. Rb6 d4 72. a6 Kg7 73. Kf2 Rb2+ 74. Ke1 f5 75. b5 Ra2 76. Rb7+ Kh6 77. a7 f4 78. b6 f3 79. Rf7 Ra1+ 80. Kd2 Ra6 81. Rxf3 1-0

[Event "30th Cracovia Festival-A 2019"]
[Site "Krakow"]
[Date "2019.12.30"]
[Round "5.12"]
[White "Niedbala, Bartlomiej"]
[Black "Webersberger, Johann"]
[Result "1/2-1/2"]
[ECO "E06"]
[WhiteElo "2239"]
[BlackElo "2358"]
[Annotator "NA"]
[PlyCount "35"]
[EventDate "2019.12.27"]
[EventCountry "POL"]
[SourceTitle "playchess.com"]
[Source "ChessBase"]
[SourceQuality "1"]
[TimeControl "40/5400+30:1800+30"]

1. d4 Nf6 2. c4 e6 3. g3 d5 4. Nf3 Be7 5. Bg2 O-O 6. O-O dxc4 7. Qc2 a6 8. a4 Bd7 9. Qxc4 Bc6 10. Bg5 Nbd7 11. Nc3 a5 12. Rfe1 Bxf3 13. Bxf3 c6 14. Rad1 Qb6 15. e4 Rfe8 16. Bc1 Rad8 17. Qf1 e5 18. d5 1/2-1/2

[Event "30th Cracovia Festival-A 2019"]
[Site "Krakow"]
[Date "2019.12.30"]
[Round "5.14"]
[White "Belous, Mikhail"]
[Black "Grabowski, Pawel"]
[Result "1-0"]
[ECO "E80"]
[WhiteElo "2349"]
[BlackElo "2281"]
[Annotator "NA"]
[PlyCount "45"]
[EventDate "2019.12.27"]
[EventCountry "POL"]
[SourceTitle "playchess.com"]
[Source "ChessBase"]
[SourceQuality "1"]
[TimeControl "40/5400+30:1800+30"]

1. d4 Nf6 2. c4 g6 3. f3 Bg7 4. e4 d6 5. Nc3 c6 6. Be3 a6 7. e5 Nfd7 8. exd6 exd6 9. Qd2 O-O 10. O-O-O b5 11. Bh6 Qa5 12. Kb1 bxc4 13. d5 Nc5 14. g4 Nd3 15. Bxd3 cxd3 16. h4 Bxh6 17. Qxh6 cxd5 18. h5 Ra7 19. Nh3 Qd8 20. Nxd5 f6 21. hxg6 Rg7 22. Nhf4 Nc6 23. Qxg7+ 1-0

[Event "30th Cracovia Festival-A 2019"]
[Site "Krakow"]
[Date "2019.12.30"]
[Round "5.15"]
[White "Kyc, Jerzy"]
[Black "Bugalski, Michal"]
[Result "1-0"]
[ECO "C60"]
[WhiteElo "2340"]
[BlackElo "2241"]
[Annotator "NA RC"]
[PlyCount "79"]
[EventDate "2019.12.27"]
[EventCountry "POL"]
[SourceTitle "playchess.com"]
[Source "ChessBase"]
[SourceQuality "1"]
[TimeControl "40/5400+30:1800+30"]

1. e4 e5 2. Nf3 Nc6 3. Bb5 Nge7 4. c3 d5 5. Nxe5 dxe4 6. d4 exd3 7. Qf3 Be6 8. O-O Qd5 9. Qxd5 Bxd5 10. Nxc6 Bxc6 11. Bxd3 O-O-O 12. Bc2 Ng6 13. Be3 Bd6 14. Nd2 Rhe8 15. Nc4 Be7 16. Rfd1 Rd5 17. g3 Red8 18. Bd4 Rh5 19. Re1 Bf6 20. Bd1 Rg5 21. Be3 Rgd5 22. Bf3 Rd3 23. Bxc6 bxc6 24. Bxa7 h5 25. Be3 h4 26. Kg2 Ne7 27. Bd4 Bxd4 28. Rxe7 Bf6 29. Rxf7 Rh8 30. a4 h3+ 31. Kf1 Rhd8 32. Ke2 R3d5 33. a5 Re8+ 34. Kf1 Rc5 35. Ne3 Kb7 36. a6+ Kb6 37. Ra4 Ra8 38. Nc4+ Kb5 39. Rb4+ Kxa6 40. Rxc7 1-0

[Event "30th Cracovia Festival-A 2019"]
[Site "Krakow"]
[Date "2019.12.30"]
[Round "5.16"]
[White "Jankowiak, Tomasz"]
[Black "Mis, Mieszko"]
[Result "0-1"]
[ECO "B52"]
[WhiteElo "2111"]
[BlackElo "2320"]
[Annotator "NA"]
[PlyCount "70"]
[EventDate "2019.12.27"]
[EventCountry "POL"]
[SourceTitle "playchess.com"]
[Source "ChessBase"]
[SourceQuality "1"]
[TimeControl "40/5400+30:1800+30"]

1. e4 c5 2. Nf3 d6 3. Bb5+ Bd7 4. Bxd7+ Qxd7 5. c4 Nf6 6. Nc3 g6 7. d4 cxd4 8. Nxd4 Bg7 9. f3 O-O 10. Be3 Nc6 11. O-O Rac8 12. b3 a6 13. a4 e6 14. Rc1 Qe7 15. Re1 Nb4 16. Qd2 d5 17. cxd5 exd5 18. Bg5 dxe4 19. Nxe4 Nxe4 20. Rxe4 Rxc1+ 21. Qxc1 Qd7 22. Qd2 f5 23. Nxf5 Qxf5 24. Rxb4 Re8 25. Be3 b5 26. axb5 axb5 27. Bd4 Rd8 28. Qc3 Bf8 29. Qc7 Rc8 30. Qb7 Qe6 31. Kf2 g5 32. Rxb5 Rc2+ 33. Kg3 Bd6+ 34. f4 Bxf4+ 35. Kf3 Qe2# 0-1

[Event "30th Cracovia Festival-A 2019"]
[Site "Krakow"]
[Date "2019.12.30"]
[Round "5.17"]
[White "Marszalek, Maciej"]
[Black "Milikow, Yoav"]
[Result "1/2-1/2"]
[ECO "D78"]
[WhiteElo "2314"]
[BlackElo "2236"]
[Annotator "NA"]
[PlyCount "28"]
[EventDate "2019.12.27"]
[EventCountry "POL"]
[SourceTitle "playchess.com"]
[Source "ChessBase"]
[SourceQuality "1"]
[TimeControl "40/5400+30:1800+30"]

1. d4 Nf6 2. c4 g6 3. Nf3 Bg7 4. g3 c6 5. Bg2 d5 6. O-O O-O 7. Ne5 dxc4 8. Na3 Ng4 9. Naxc4 Nxe5 10. Nxe5 Nd7 11. Nc4 Nb6 12. Ne5 Nd7 13. Nc4 Nb6 14. Ne5 Nd7 1/2-1/2

[Event "30th Cracovia Festival-A 2019"]
[Site "Krakow"]
[Date "2019.12.30"]
[Round "5.18"]
[White "Goluch, Piotr"]
[Black "Brozyna, Mateusz"]
[Result "1-0"]
[ECO "D11"]
[WhiteElo "2415"]
[BlackElo "2188"]
[Annotator "NA"]
[PlyCount "49"]
[EventDate "2019.12.27"]
[EventCountry "POL"]
[SourceTitle "playchess.com"]
[Source "ChessBase"]
[SourceQuality "1"]
[TimeControl "40/5400+30:1800+30"]

1. d4 d5 2. c4 c6 3. Nf3 Nf6 4. e3 e6 5. b3 Bd6 6. Bd3 O-O 7. O-O b6 8. Bb2 Bb7 9. Nbd2 Nbd7 10. Ne5 Qe7 11. Qc2 h6 12. Nxd7 Nxd7 13. e4 dxe4 14. Nxe4 Ba3 15. Bxa3 Qxa3 16. c5 Ba6 17. Bxa6 Qxa6 18. Nd6 bxc5 19. dxc5 Qa3 20. Rac1 Nf6 21. Rfd1 a5 22. Rd4 a4 23. b4 Rab8 24. Qd2 Nd5 25. Rcc4 1-0

[Event "30th Cracovia Festival-A 2019"]
[Site "Krakow"]
[Date "2019.12.30"]
[Round "5.19"]
[White "Lewtak, Damian"]
[Black "Antolak, Julia"]
[Result "1/2-1/2"]
[ECO "A00"]
[WhiteElo "2379"]
[BlackElo "2249"]
[Annotator "NA"]
[PlyCount "88"]
[EventDate "2019.12.27"]
[EventCountry "POL"]
[SourceTitle "playchess.com"]
[Source "ChessBase"]
[SourceQuality "1"]
[TimeControl "40/5400+30:1800+30"]

1. g3 g6 2. Bg2 Bg7 3. d3 Nf6 4. e4 d6 5. Ne2 c5 6. O-O O-O 7. f4 e6 8. h3 Ne8 9. Nbc3 Nc6 10. Be3 Nd4 11. Qd2 Rb8 12. Nd1 b5 13. c3 Nxe2+ 14. Qxe2 b4 15. c4 Qc7 16. Nf2 f5 17. exf5 gxf5 18. g4 e5 19. g5 Bb7 20. Nh1 Bxg2 21. Qxg2 Qb7 22. Ng3 exf4 23. Bxf4 Bd4+ 24. Kh2 Qxg2+ 25. Kxg2 Bxb2 26. Rae1 b3 27. axb3 Rxb3 28. Rb1 Rb6 29. Rf2 Bc3 30. Rxb6 axb6 31. Rc2 Be5 32. Bxe5 dxe5 33. Rb2 Ng7 34. Rxb6 Rd8 35. Rb3 Kf7 36. h4 Rd7 37. Ra3 Ne6 38. Nxf5 Kg6 39. Ng3 Nf4+ 40. Kf3 Rxd3+ 41. Rxd3 Nxd3 42. Ke4 Nb2 43. Kd5 e4 44. Nxe4 Kh5 1/2-1/2

[Event "30th Cracovia Festival-A 2019"]
[Site "Krakow"]
[Date "2019.12.30"]
[Round "5.20"]
[White "Sanz Wawer, Daniel"]
[Black "Nurkiewicz, Maciej"]
[Result "1/2-1/2"]
[ECO "E63"]
[WhiteElo "2212"]
[BlackElo "2340"]
[Annotator "NA"]
[PlyCount "65"]
[EventDate "2019.12.27"]
[EventCountry "POL"]
[SourceTitle "playchess.com"]
[Source "ChessBase"]
[SourceQuality "1"]
[TimeControl "40/5400+30:1800+30"]

1. d4 Nf6 2. Nf3 g6 3. g3 Bg7 4. Bg2 O-O 5. O-O d6 6. c4 Nc6 7. Nc3 a6 8. e4 Rb8 9. Be3 b5 10. cxb5 axb5 11. a3 b4 12. axb4 Nxb4 13. Re1 Ba6 14. Bf1 Bxf1 15. Kxf1 Nd7 16. Kg2 c5 17. Qe2 Qc7 18. Ra4 Nb6 19. Raa1 cxd4 20. Bxd4 Qc4 21. Bxg7 Kxg7 22. Ra7 Rfe8 23. Qxc4 Nxc4 24. b3 Nc6 25. Rc7 Rxb3 26. Nd5 N4a5 27. e5 dxe5 28. Nxe5 Nxe5 29. Rxe5 e6 30. Nf4 Rb7 31. Rxe6 Rxe6 32. Nxe6+ Kf6 33. Rxb7 1/2-1/2

[Event "30th Cracovia Festival-A 2019"]
[Site "Krakow"]
[Date "2019.12.30"]
[Round "5.21"]
[White "Zylka, Stanislaw"]
[Black "Gbyl, Andrzej"]
[Result "1-0"]
[ECO "A45"]
[WhiteElo "2334"]
[BlackElo "2243"]
[Annotator "NA"]
[PlyCount "97"]
[EventDate "2019.12.27"]
[EventCountry "POL"]
[SourceTitle "playchess.com"]
[Source "ChessBase"]
[SourceQuality "1"]
[TimeControl "40/5400+30:1800+30"]

1. d4 Nf6 2. Bg5 c5 3. Bxf6 gxf6 4. d5 Qb6 5. Qc1 d6 6. c4 f5 7. Nc3 Nd7 8. e3 Bg7 9. Nf3 Ne5 10. Nxe5 Bxe5 11. Bd3 Bd7 12. Rb1 h5 13. h4 O-O-O 14. g3 e6 15. Qc2 Qa5 16. O-O Rdg8 17. Kh1 Bf6 18. b4 cxb4 19. Nb5 Bxb5 20. cxb5+ Kb8 21. Qb3 Qd8 22. dxe6 fxe6 23. Qxe6 f4 24. exf4 Bxh4 25. Bf5 Bxg3 26. fxg3 Rxg3 27. Rb3 Rhg8 28. Rxg3 Rxg3 29. Kh2 Rc3 30. Bh3 a5 31. Rd1 Rc2+ 32. Kh1 Qb6 33. Qxd6+ Ka7 34. Qxb6+ Kxb6 35. Be6 Kxb5 36. Rf1 Kc5 37. f5 Kd6 38. Bb3 Rc8 39. f6 Rf8 40. Rf5 a4 41. Bxa4 Ke6 42. Rxh5 Rxf6 43. Kg2 Rf4 44. Rb5 Kd6 45. Rxb7 Kc5 46. Rc7+ Kd4 47. Kg3 Re4 48. Bb3 Re3+ 49. Kf2 1-0

[Event "30th Cracovia Festival-A 2019"]
[Site "Krakow"]
[Date "2019.12.30"]
[Round "5.22"]
[White "Renman, Nils-gustaf"]
[Black "Bus, Konrad"]
[Result "0-1"]
[ECO "D45"]
[WhiteElo "2319"]
[BlackElo "2214"]
[Annotator "NA"]
[PlyCount "56"]
[EventDate "2019.12.27"]
[EventCountry "POL"]
[SourceTitle "playchess.com"]
[Source "ChessBase"]
[SourceQuality "1"]
[TimeControl "40/5400+30:1800+30"]

1. d4 Nf6 2. Nf3 e6 3. c4 d5 4. Nc3 c6 5. e3 a6 6. Bd3 dxc4 7. Bxc4 b5 8. Bd3 c5 9. dxc5 Bxc5 10. O-O Bb7 11. e4 Nc6 12. e5 Nd7 13. Ne4 Be7 14. Bf4 h6 15. Rc1 g5 16. Bg3 g4 17. Rxc6 Bxc6 18. Nd4 Bd5 19. Qxg4 Qb6 20. Bh4 Nxe5 21. Qg7 Qxd4 22. Qxh8+ Kd7 23. Nf6+ Bxf6 24. Qxf6 Nf3+ 25. Kh1 Qxh4 26. Qxf7+ Qe7 27. Qf4 Nh4 28. f3 Qg5 0-1

[Event "30th Cracovia Festival-A 2019"]
[Site "Krakow"]
[Date "2019.12.30"]
[Round "5.23"]
[White "Kasperek, Ryszard"]
[Black "Punin, Andrii"]
[Result "1/2-1/2"]
[ECO "B12"]
[WhiteElo "2197"]
[BlackElo "2311"]
[Annotator "NA"]
[PlyCount "57"]
[EventDate "2019.12.27"]
[EventCountry "POL"]
[SourceTitle "playchess.com"]
[Source "ChessBase"]
[SourceQuality "1"]
[TimeControl "40/5400+30:1800+30"]

1. e4 c6 2. d4 d5 3. e5 Bf5 4. Nd2 e6 5. Nb3 Nd7 6. Nf3 a6 7. Be2 c5 8. dxc5 Bxc5 9. Nxc5 Nxc5 10. Nd4 Bg6 11. O-O Ne7 12. Be3 Rc8 13. Rc1 b5 14. b3 O-O 15. c4 dxc4 16. bxc4 b4 17. Qd2 Qa5 18. Nb3 Nxb3 19. axb3 Qxe5 20. Bf4 Qa5 21. Ra1 Qb6 22. Qd6 Qxd6 23. Bxd6 Rfe8 24. c5 Nf5 25. Bxa6 Nxd6 26. cxd6 Rc3 27. Bc4 Rd8 28. Ra4 Bd3 29. Bxd3 1/2-1/2

[Event "30th Cracovia Festival-A 2019"]
[Site "Krakow"]
[Date "2019.12.30"]
[Round "5.24"]
[White "Szpar, Milosz"]
[Black "Zaleski, Lukasz"]
[Result "1-0"]
[ECO "A38"]
[WhiteElo "2291"]
[BlackElo "2207"]
[Annotator "NA"]
[PlyCount "87"]
[EventDate "2019.12.27"]
[EventCountry "POL"]
[SourceTitle "playchess.com"]
[Source "ChessBase"]
[SourceQuality "1"]
[TimeControl "40/5400+30:1800+30"]

1. Nf3 Nf6 2. c4 c5 3. g3 g6 4. Bg2 Bg7 5. Nc3 O-O 6. O-O Nc6 7. d3 a6 8. h3 Rb8 9. Be3 d6 10. d4 cxd4 11. Nxd4 Bd7 12. Nb3 Ne5 13. c5 dxc5 14. Nxc5 Bc6 15. Bxc6 Nxc6 16. Qa4 Qc8 17. Qh4 Rd8 18. Rfd1 Nd7 19. N5e4 Nf6 20. Nc5 Qf5 21. g4 Qe5 22. g5 Nd5 23. Nxd5 Rxd5 24. Nd7 Rxd7 25. Rxd7 Qxb2 26. Rad1 Qxe2 27. R7d2 Qf3 28. Qg4 Qxg4+ 29. hxg4 Be5 30. f4 Bd6 31. Kf2 b5 32. Kf3 Na5 33. Rh2 Nc4 34. Rdh1 Nxe3 35. Rxh7 f5 36. gxf6 exf6 37. Kxe3 f5 38. gxf5 gxf5 39. Rh8+ Kf7 40. R1h7+ Kg6 41. Rh6+ Kg7 42. Rxb8 Bc5+ 43. Kf3 Kxh6 44. Ra8 1-0

[Event "30th Cracovia Festival-A 2019"]
[Site "Krakow"]
[Date "2020.01.03"]
[Round "8.1"]
[White "Gumularz, Szymon"]
[Black "Girish, A. Koushik"]
[Result "1/2-1/2"]
[ECO "A13"]
[WhiteElo "2493"]
[BlackElo "2506"]
[Annotator "ChessBase"]
[PlyCount "47"]
[EventDate "2019.12.27"]
[EventCountry "POL"]
[SourceTitle "playchess.com"]
[Source "ChessBase"]
[SourceQuality "1"]
[TimeControl "40/5400+30:1800+30"]

1. c4 e6 2. Nc3 d5 3. d4 Bb4 4. cxd5 exd5 5. Bf4 c6 6. e3 Ne7 7. Bd3 Bf5 8. Nge2 O-O 9. Rc1 Bd6 10. Bg3 Bxd3 11. Qxd3 Na6 12. O-O Nc7 13. Na4 Ne6 14. b4 b6 15. b5 Bxg3 16. hxg3 Qd6 17. bxc6 Rfc8 18. Rc2 Rxc6 19. Rfc1 Rac8 20. Rxc6 Rxc6 21. Rxc6 Qxc6 22. Nac3 Nc7 23. a4 a6 24. Qb1 1/2-1/2

[Event "30th Cracovia Festival-A 2019"]
[Site "Krakow"]
[Date "2020.01.03"]
[Round "8.7"]
[White "Zylka, Stanislaw"]
[Black "Jarmula, Lukasz"]
[Result "1/2-1/2"]
[ECO "B52"]
[WhiteElo "2334"]
[BlackElo "2466"]
[Annotator "ChessBase"]
[PlyCount "68"]
[EventDate "2019.12.27"]
[EventCountry "POL"]
[SourceTitle "playchess.com"]
[Source "ChessBase"]
[SourceQuality "1"]
[TimeControl "40/5400+30:1800+30"]

1. e4 c5 2. Nf3 d6 3. Bb5+ Bd7 4. c4 Bxb5 5. cxb5 Nf6 6. Nc3 g6 7. d4 cxd4 8. Nxd4 Bg7 9. O-O O-O 10. Re1 Nbd7 11. Bg5 h6 12. Bh4 Qb6 13. Nc2 e6 14. Qd2 g5 15. Bg3 Ne5 16. Na3 Nh5 17. Red1 Rfd8 18. Rac1 Qa5 19. Qe2 Nf4 20. Bxf4 gxf4 21. Nc2 Rac8 22. Nd4 Nc4 23. a3 a6 24. h3 axb5 25. Ncxb5 Nb6 26. Rxc8 Nxc8 27. Qg4 Kh8 28. Qh4 Rf8 29. b4 Qa6 30. Rc1 Qb6 31. Rc4 Qa6 32. Rc7 Qb6 33. Rc4 Qa6 34. Rc7 Qb6 1/2-1/2